 Dungeon Crawl Stone Soup version 0.30-a0-912-ge10d75a369 (webtiles) character file.

Game seed: 15244833357246752199

8069 Grim the Cleaver (level 11, -3/157 HPs)
             Began as a Minotaur Berserker on Mar 19, 2023.
             Was a High Priest of Trog.
             Slain by a manticore (8 damage)
             ... on level 11 of the Dungeon.
             The game lasted 00:14:28 (9952 turns).

Grim the Cleaver (Minotaur Berserker)               Turns: 9952, Time: 00:14:30

Health: -3/157     AC: 25    Str: 27    XL:     11   Next: 5%
Magic:  11/11      EV:  2    Int: 10    God:    Trog [*****.]
Gold:   759        SH:  0    Dex:  9    Spells: 10/10 levels left

rFire   . . .      SeeInvis .    F - +3 hand axe
rCold   + . .      Faith    .    (no shield)
rNeg    . . .      Spirit   .    m - melded +0 chain mail
rPois   +          Reflect  .    (helmet currently unavailable)
rElec   .          Rampage  .    (cloak currently unavailable)
rCorr   .          NoTele   +    r - melded +2 pair of gloves
Will    .....                    (boots currently unavailable)
Stlth   +                        (no amulet)
HPRegen 0.46/turn                w - ring of protection from cold
MPRegen 0.12/turn                x - +6 ring of intelligence

@: tree-form
A: stationary, stasis, torment immunity, boosted hp, (horns 2), (retaliatory
headbutt), (hooves 1), high MP 1, (poison resistance)
a: Renounce Religion, Berserk, Trog's Hand, Brothers in Arms


You were on level 11 of the Dungeon.
You worshipped Trog.
Trog was extremely pleased with you.
You were a tree.
You visited 1 branch of the dungeon, and saw 11 of its levels.
You also visited: Sewer and Ossuary.

You collected 759 gold pieces.

Inventory:

Hand Weapons
 F - a +3 hand axe (weapon)
 I - a +0 war axe
Armour
 m - a +0 chain mail (melded)
 r - a +2 pair of gloves (melded)
Jewellery
 w - a ring of protection from cold (left branch)
 x - a +6 ring of intelligence (right branch)
 H - a ring of ice
 J - a ring of flight
Wands
 f - a wand of iceblast (19)
 q - a wand of paralysis (15)
 C - a wand of flame (14)
Scrolls
 b - a scroll of brand weapon {unknown}
 e - 3 scrolls of fear
 h - 2 scrolls of fog {unknown}
 j - 2 scrolls of poison {unknown}
 k - 4 scrolls of torment
 l - 2 scrolls of blinking {unknown}
 p - 6 scrolls of teleportation
 t - 6 scrolls of magic mapping {unknown}
 v - a scroll of enchant armour {unknown}
 y - a scroll of enchant weapon {unknown}
 z - a scroll of noise {unknown}
 A - a scroll of amnesia {unknown}
 E - a scroll of summoning {unknown}
 G - 7 scrolls of identify
 K - a scroll of vulnerability {unknown}
Potions
 a - 3 potions of cancellation {unknown}
 c - 2 potions of berserk rage
 d - a potion of attraction {unknown}
 g - 8 potions of curing
 i - 6 potions of haste
 n - 3 potions of ambrosia
 o - 7 potions of flight
 s - 2 potions of degeneration {!q}
 u - 3 potions of lignification
 B - 2 potions of mutation {!q}
 D - a potion of invisibility {unknown}


   Skills:
 + Level 12.4 Fighting
 - Level 14.3 Axes
 + Level 9.1 Armour
 - Level 2.1 Dodging


You had 10 spell levels left.
You didn't know any spells.
Your spell library was empty.

Dungeon Overview and Level Annotations

Branches:
Dungeon (11/15)            Temple (0/1) D:7            Lair (0/5) D:8
  Sewer (visited)         Ossuary (visited)
    Orc: D:9-12

Altars:
Dithmenos
Elyvilon
Fedhas
Hepliaklqana
Trog
Xom
The Shining One

Shops:
D:4 *

Annotations:
D:9 Prince Ribbit


Innate Abilities, Weirdness & Mutations

You are a tree.
Your roots penetrate the ground, keeping you stationary.
You cannot be teleported.
You are immune to unholy pain and torment.
Your maximum health is greatly increased.
Your equipment is partially melded.
((You have a pair of horns on your head.))
((You reflexively headbutt those who attack you in melee.))
((You have large cloven feet.))
You have an increased reservoir of magic. (+10% MP)
((Your system is resistant to poisons. (rPois)))


Message History

The manticore bites you!
* * * LOW HITPOINT WARNING * * *
The manticore barely misses you. The manticore claws you.
* * * LOW HITPOINT WARNING * * *
You are too injured to fight recklessly!
You are too injured to fight recklessly!
You hit the manticore but do no damage. Your kick misses the manticore.
The manticore is heavily wounded.
You slash the manticore!
You kick the manticore, but do no damage.
You headbutt the manticore, but do no damage.
The manticore is severely wounded.
The manticore bites you!
* * * LOW HITPOINT WARNING * * *
The manticore claws you but does no damage.
The manticore barely misses you.
You slash the manticore! Your headbutt misses the manticore.
The manticore is almost dead.
Unknown command.
You hit the manticore. Your kick misses the manticore.
You headbutt the manticore, but do no damage.
The manticore is almost dead.
The manticore bites you!
* * * LOW HITPOINT WARNING * * *
The manticore closely misses you. x2
You completely miss the manticore.
The manticore is almost dead.
The manticore bites you!
* * * LOW HITPOINT WARNING * * *
The manticore closely misses you.
The manticore claws you but does no damage.
Unknown command.
It was a potion of lignification.
You turn into a tree.
Your +2 pair of gloves melds into your body.
Your +0 chain mail melds into your body.
Your roots penetrate the ground.
The manticore bites you!
* * * LOW HITPOINT WARNING * * *
The manticore claws you but does no damage.
The manticore claws you!
You die...

#...........#
#...........###
..............
...........#
#.........#
#.........#
#.#......H..# #+#
#.......♣...# #.#
#######[##### #.#
#.# ##.## #.#
#...## #.#
.....##########.#
#...#...........#
##.##^###########
.)....#


You could see a manticore.

Vanquished Creatures
  A two-headed ogre (D:8)
  A cyclops (D:11)
  Psyche (D:11)
  2 trolls
  A wraith (D:11)
  4 wyverns
  12 yaks
  2 basilisks (D:8)
  An ice beast (D:5)
  A black bear (D:7)
  3 orc warriors
  2 ogres
  A sky beast (D:8)
  7 kobold brigands
  An elf zombie (Ossuary)
  A gnoll sergeant (D:9)
  A scorpion (D:5)
  13 wights
  A water moccasin skeleton (D:4)
  A centaur zombie (D:4)
  4 hounds
  A jelly (D:8)
  2 gnoll boudas
  2 human zombies (Ossuary)
  5 orc priests
  Natasha (twice) (D:4)
  4 iguanas
  2 sleepcaps
  11 orc wizards
  A sickly merfolk siren (Sewer)
  A malarious merfolk avatar (Sewer)
  2 hound zombies
  A hound skeleton (D:4)
  3 mummies (Ossuary)
  21 gnolls
  8 adders
  3 river rats (Sewer)
  A shadow imp (D:6)
  A hound simulacrum (D:4)
  A white imp (D:5)
  An ufetubus (D:4)
  5 adder zombies (Ossuary)
  An adder skeleton (D:4)
  2 worms
  5 dart slugs
  33 orcs
  16 ball pythons
  9 endoplasms
  3 giant cockroaches
  3 gnoll zombies (Ossuary)
  9 goblins
  3 hobgoblins
  6 jackals
  4 quokkas
  6 bats
  5 frilled lizards
  5 goblin zombies (Ossuary)
  2 hobgoblin zombies (Ossuary)
  3 jackal zombies (Ossuary)
  21 kobolds
  6 kobold zombies (Ossuary)
  2 orc zombies (Ossuary)
  4 quokka zombies (Ossuary)
  24 rats
  A rat zombie (Ossuary)
312 creatures vanquished.

Vanquished Creatures (others)
  14 withered plants (D:4)
14 creatures vanquished.

Grand Total: 326 creatures vanquished

Notes
Turn   | Place    | Note
-------+----------+-------------------------------------------
     0 | D:1      | Grim the Minotaur Berserker began the quest for the Orb.
     0 | D:1      | Reached XP level 1. HP: 19/19 MP: 0/0
    97 | D:1      | Reached skill level 4 in Axes
   246 | D:1      | Reached XP level 2. HP: 23/26 MP: 1/1
   889 | D:1      | Reached skill level 5 in Axes
  1093 | D:2      | Reached XP level 3. HP: 31/31 MP: 2/2
  1194 | D:2      | Reached ** piety under Trog
  1665 | D:3      | Reached XP level 4. HP: 35/39 MP: 3/3
  1686 | D:3      | Reached skill level 6 in Axes
  1774 | D:3      | Found a glowing drain.
  1789 | Sewer    | Entered a sewer
  1879 | Sewer    | Reached *** piety under Trog
  1959 | Sewer    | Reached XP level 5. HP: 45/45 MP: 4/4
  1985 | Sewer    | Reached skill level 7 in Axes
  2366 | D:3      | Found a shimmering altar of Xom.
  2373 | D:3      | Reached skill level 8 in Axes
  2645 | D:3      | Reached XP level 6. HP: 51/51 MP: 5/5
  2994 | D:3      | Gained mutation: You do not regenerate when monsters are
                  | visible. [potion of mutation]
  2994 | D:3      | Gained mutation: Your system is resistant to poisons.
                  | (rPois) [potion of mutation]
  3104 | D:4      | Reached **** piety under Trog
  3115 | D:4      | Reached skill level 9 in Axes
  3126 | D:4      | HP: 1/51 [gnoll/+0 spear[a gnoll bouda] (2)]
  3374 | D:4      | Reached XP level 7. HP: 57/57 MP: 6/6
  3485 | D:4      | Found Genuz's General Store.
  3692 | D:4      | Found a bloodstained altar of Trog.
  3793 | D:4      | Noticed Natasha
  3799 | D:4      | Killed Natasha
  3800 | D:4      | Reached skill level 10 in Axes
  3823 | D:4      | Identified the +4 dagger "Paivecokh" {pain, rC++ Dex-4}
  3842 | D:5      | Entered Level 5 of the Dungeon
  3930 | D:5      | Reached skill level 11 in Axes
  4104 | D:5      | Reached XP level 8. HP: 64/64 MP: 7/7
  4575 | D:5      | Found a glowing golden altar of the Shining One.
  4683 | D:5      | Reached skill level 12 in Axes
  4957 | D:6      | Found a blossoming altar of Fedhas.
  5003 | D:6      | Lost mutation: Your system is resistant to poisons. (rPois)
                  | [potion of mutation]
  5003 | D:6      | Lost mutation: You do not regenerate when monsters are
                  | visible. [potion of mutation]
  5003 | D:6      | Gained mutation: You are covered in fur. (AC +1) [potion of
                  | mutation]
  5024 | D:6      | Found a sand-covered staircase.
  5029 | Ossuary  | Entered an ossuary
  5052 | Ossuary  | Reached ***** piety under Trog
  5206 | Ossuary  | Reached skill level 5 in Fighting
  5412 | D:6      | Lost mutation: You are covered in fur. (AC +1) [potion of
                  | mutation]
  5412 | D:6      | Gained mutation: You have large cloven feet. [potion of
                  | mutation]
  5412 | D:6      | Gained mutation: You have an increased reservoir of magic.
                  | (+10% MP) [potion of mutation]
  5412 | D:6      | Gained mutation: Your system is resistant to poisons.
                  | (rPois) [potion of mutation]
  5816 | D:7      | Reached skill level 13 in Axes
  6005 | D:7      | Found a shadowy altar of Dithmenos.
  6024 | D:7      | Reached XP level 9. HP: 78/78 MP: 8/8
  6142 | D:7      | Received a gift from Trog
  6195 | D:7      | Found a staircase to the Ecumenical Temple.
  6538 | D:8      | Found a staircase to the Lair.
  6724 | D:8      | Reached skill level 14 in Axes
  7121 | D:4      | Noticed Natasha
  7125 | D:4      | Killed Natasha
  7300 | D:9      | Noticed Prince Ribbit
  7467 | D:8      | Noticed a two-headed ogre
  7478 | D:8      | Reached XP level 10. HP: 93/93 MP: 10/10
  7481 | D:8      | Killed a two-headed ogre
  7482 | D:8      | Reached skill level 10 in Fighting
  7482 | D:8      | Reached skill level 5 in Armour
  7718 | D:8      | Found a white marble altar of Elyvilon.
  8614 | D:9      | Found a hazy altar of Hepliaklqana.
  8760 | D:10     | Entered Level 10 of the Dungeon
  9481 | D:11     | Noticed a cyclops
  9494 | D:11     | Killed a cyclops
  9859 | D:11     | Noticed Psyche
  9868 | D:11     | Killed Psyche
  9869 | D:11     | Reached XP level 11. HP: 105/105 MP: 11/11
  9952 | D:11     | HP: 5/157 [manticore (10)]
  9952 | D:11     | Slain by a manticore

Illustrated notes

Levels and vault maps discovered:
D:1:      minmay_arrival_doors, layout_basic, dk_noncrumbling_3
D:2:      layout_loops_ring
D:3:      layout_basic, xom_teletrap_fun, portal_sewer_entry_a,
          grunt_ministairs_8, st_stairs_2, glass_columns_c
D:4:      layout_cave_pools, kennysheep_mini, serial_shops,
          nicolae_diamond_shop, grunt_decor_resistance,
          dilly_guarded_unrand_morg
D:5:      cheibrodos_iron_armory, layout_basic, tso_altar, nrook_uturn
D:6:      layout_cave_pools, mainiacjoe_overflow_chevrons,
          nicolae_ossuary_entry_plus
D:7:      layout_basic, mainiacjoe_overflow_small_starburst,
          minmay_temple_entry_glassed_door
D:8:      layout_loops_ring, kennysheep_mini_moat, david_lair_generic,
          minmay_fractal_squares_diagonal_5
D:9:      layout_cave_pools, nicolae_hepliaklqana_hippocampus,
          uniq_prince_ribbit1
D:10:     layout_roguey
D:11:     layout_loops_corners, uniq_psyche

Skill      XL: |  1  2  3  4  5  6  7  8  9 10 |
---------------+-------------------------------+-----
Axes           | 4 5 6 8 9 11 13 14 | 14.3
Fighting       | 6 9 12 | 12.4
Armour         | 4 9 |  9.1
Dodging        | |  2.1

Action                     |  1- 3 |  4- 6 |  7- 9 | 10-12 || total
---------------------------+-------+-------+-------+-------++-------
  Melee: Hand axe          |    90 |   165 |   357 |   175 ||   787
         Headbutt          |    10 |    23 |    81 |    38 ||   152
         Punch             |       |     1 |     4 |     4 ||     9
         Kick              |       |       |    43 |    56 ||    99
 Invoke: Berserk           |       |     4 |     9 |     4 ||    17
         Trog's Hand       |       |       |     7 |     1 ||     8
    Use: Scroll            |       |     5 |     4 |       ||     9
         Potion            |       |     3 |     2 |     1 ||     6
   Stab: Sleeping          |     1 |       |       |       ||     1
 Armour: Animal skin       |     5 |       |       |       ||     5
         Chain mail        |    30 |    92 |   151 |    45 ||   318
         Skin              |       |       |       |     1 ||     1
  Dodge: Dodged            |    40 |    58 |   102 |    50 ||   250

Table legend: (Time is in decaauts)
 A = Elapsed time spent in this place.
 B = Non-inter-level travel time spent in this place.
 C = Inter-level travel time spent in this place.
 D = Time resting spent in this place.
 E = Time spent auto-exploring this place.
 F = Levels seen in this place.
 G = Mean time per level.
                   A        B        C        D        E       F      G
               +--------+--------+--------+--------+--------+-----+--------+
         Total |   9938 |   9410 |    528 |   2003 |   5839 |  13 |  764.5 |
       Dungeon |   9217 |   8689 |    528 |   1899 |   5508 |  11 |  837.9 |
         Sewer |    375 |    375 |      0 |    104 |    139 |   1 |  375.0 |
       Ossuary |    346 |    346 |      0 |      0 |    192 |   1 |  346.0 |
               +--------+--------+--------+--------+--------+-----+--------+

Top non-repeatable levels by time:
     D:8: 1394 daAuts
     D:3: 1096 daAuts
     D:5: 1093 daAuts
     D:1: 966 daAuts
     D:4: 862 daAuts
     D:9: 724 daAuts
    D:10: 689 daAuts
     D:2: 678 daAuts
     D:7: 664 daAuts
     D:6: 554 daAuts
    D:11: 492 daAuts
   Sewer: 375 daAuts
 Ossuary: 346 daAuts
